 Dungeon Crawl Stone Soup version 0.16.0-12-g7215832 (webtiles) character file.

10621 RobertPalmer the Pandemonic (level 11, -4/67 HPs)
             Began as an Octopode Monk on Mar 18, 2015.
             Was a High Priest of Makhleb.
             Slain by a freezing wraith (13 damage)
             ... in an ice cave.
             The game lasted 00:37:39 (10707 turns).

RobertPalmer the Pandemonic (Octopode Monk)        Turns: 10707, Time: 00:37:39

Health: -4/67      AC:  3    Str: 17    XL:     11   Next: 65%
Magic:  34/34      EV: 20    Int: 13    God:    Makhleb [*****.]
Gold:   465        SH:  0    Dex: 17    Spells: 1 memorised, 5 levels left

rFire  + . .     SeeInvis .     q - +0 dire flail (flame)
rCold  . . .     Clarity  +     (no shield)
rNeg   . . .     SustAb   +     i - +2 hat
rPois  .         Gourm    .     y - amulet of Xom's Flight of Fancy {Clar Str+6 Stlth+}
rElec  .         Spirit   .     u - ring of sustain abilities {SustAb}
rCorr  .         Warding  .     x - ring of magical power {MP+9}
rMut   .         Stasis   .     M - ring of protection from fire {rF+, !d}
MR     .....                    (no ring)
Stlth  ++++......               (no ring)
                                (no ring)
                                (no ring)
                                (no ring)

@: slowed, very slow, not resistant to hostile enchantments, stealthy
A: almost no armour, amphibious, 8 rings, constrict 8, camouflage 1, gelatinous
body 1
a: Minor Destruction, Lesser Servant of Makhleb, Major Destruction, Greater
Servant of Makhleb, Renounce Religion


You were in an ice cave.
You worshipped Makhleb.
Makhleb was extremely pleased with you.
You were very hungry.

You visited 3 branches of the dungeon, and saw 13 of its levels.
You also visited: Sewer and Ice Cave.

You collected 465 gold pieces.

Inventory:

Hand weapons
 a - a +0 whip of electrocution
   (You took it off Pikel on level 5 of the Dungeon)
 b - a +0 blowgun
   (You took it off a kobold in a sewer)
 q - a +0 dire flail of flaming (weapon)
   (You took it off an orc warrior on level 9 of the Dungeon)
Missiles
 l - 41 poisoned needles
 t - 2 stones (quivered)
Armour
 i - a +2 hat (worn)
   (You found it on level 2 of the Dungeon)
Jewellery
 g - an uncursed amulet of stasis {Stasis, !d}
   (You found it on level 2 of the Dungeon)
 u - a ring of sustain abilities (left tentacle) {SustAb}
   (You found it on level 7 of the Dungeon)
 x - a ring of magical power (right tentacle) {MP+9}
   (You found it on level 8 of the Dungeon)
 y - the amulet of Xom's Flight of Fancy (around mantle) {Clar Str+6 Stlth+}
   (You took it off a kobold on level 8 of the Dungeon)

   [amulet of clarity]

   It provides mental clarity.
   It affects your strength (+6).
   It makes you more stealthy.
 H - a cursed ring of teleportation {+/*tele, !d}
   (You found it on level 8 of the Dungeon)
 M - a ring of protection from fire (on tentacle) {rF+, !d}
   (You found it on level 1 of the Lair of Beasts)
Magical devices
 s - a wand of digging (9)
   (You found it on level 7 of the Dungeon)
 w - a wand of heal wounds (5)
   (You found it on level 2 of the Lair of Beasts)
Scrolls
 d - 2 scrolls of remove curse
 v - a scroll of enchant armour
 K - a scroll of teleportation
Potions
 c - 2 potions of might
 f - 7 potions of curing
 h - 2 potions of invisibility {unknown}
 j - 3 potions of ambrosia {unknown}
 k - 3 potions of agility {unknown}
 n - 9 potions of heal wounds {unknown}
 p - 4 potions of flight {unknown}
 F - 2 potions of resistance {unknown}
 G - a potion of haste {unknown}
Books
 D - a book of Fire
   (You found it on level 8 of the Dungeon)
 E - a book of the Tempests
   (You found it on level 1 of the Lair of Beasts)
 I - a Necronomicon {highlevel, unknown}
   (You found it on level 8 of the Dungeon)
Miscellaneous
 B - a sack of spiders
   (You found it on level 8 of the Dungeon)
Comestibles
 e - 7 bread rations {@e1}
 o - 4 meat rations {@e2}
 r - 2 slices of pizza
 J - 2 beef jerkies
 L - 4 fruits


   Skills:
 + Level 3.3 Fighting
 - Level 10.4 Maces & Flails
 - Level 10.9 Dodging
 - Level 2.6 Stealth
 - Level 4.0 Unarmed Combat
 - Level 0.4 Conjurations
 - Level 11.1 Invocations


You had 5 spell levels left.
You knew the following spells:

 Your Spells              Type           Power        Failure   Level  Hunger
f - Fireball              Conj/Fire      #.........   100%        5    ######.


Dungeon Overview and Level Annotations

Branches:
Dungeon (10/15)            Temple (1/1) D:5            Lair (2/8) D:9
    Orc: D:9-12

Altars:
Ashenzari
Cheibriados
Dithmenos
Fedhas
Gozag
Makhleb
Nemelex Xobeh
Okawaru
Qazlal
Ru
Trog
Xom
Yredelemnul
Zin
The Shining One

Annotations:
D:2 Sigmund
D:4 exclusion: Edmund, Edmund
D:6 RobertPalmer's ghost, experienced OpIE
Lair:1 exclusion: oklob plant


Innate Abilities, Weirdness & Mutations

You cannot wear most types of armour.
You are amphibious.
You can wear up to eight rings at the same time.
You can use your tentacles to constrict many enemies at once.
Your skin changes colour to match your surroundings (Stealth).
Your rubbery body absorbs attacks (AC +1).


Message History

You take 16 damage, and have 51/67 hp.
MASSIVE DAMAGE!!
You hit the ice beast!
You melt the ice beast.
You kill the ice beast!
Makhleb accepts your kill.
You feel a little better.
You regained 5 hp, and now have 56/67 hp.
The white imp shouts!
The white imp gestures at you. The puff of frost hits you!
You take 5 damage, and have 53/67 hp.
You sock the ice beast!!
You melt the ice beast!!
You kill the ice beast!
Makhleb accepts your kill.
No target in view!
You hit the white imp but do no damage. You grab the white imp.
You constrict the white imp. The white imp closely misses you.
You puncture the white imp!! You burn the white imp.
You kill the white imp!
Makhleb accepts your kill.
You feel a little better.
You regained 3 hp, and now have 58/67 hp.
You start resting.
You are feeling very hungry.
You regained 3 hp, and now have 62/67 hp.
The white imp shouts!
The white imp gestures at you. The puff of frost hits you!
You take 4 damage, and have 59/67 hp.
The white imp gestures at you. The puff of frost misses you.
You barely miss the white imp. You grab the white imp.
You constrict the white imp. You hit the white imp. You burn the white imp.
You kill the white imp!
Makhleb accepts your kill.
You feel a little better.
You regained 3 hp, and now have 63/67 hp.
No target in view! 2 freezing wraiths come into view.
Health restored: 67 Read which item? (? for menu, Esc to quit)
As you read the scroll labeled ANUUDAY BRYDD, it crumbles to dust.
You hear the tinkle of a tiny bell.
It was a scroll of random uselessness.
Read which item? (? for menu, Esc to quit)
As you read the scroll labeled XYD NEMESCH, it crumbles to dust.
A profound silence engulfs you.
It was a scroll of silence.
You start waiting.
Your hearing returns.
You swap places.
Your butterfly disappears in a puff of smoke!
You swap places.
Wield which item (- for none, * to show all)? (? for menu, Esc to quit)
Your +0 dire flail of flaming stops flaming.
b - a +0 blowgun (weapon)
You swap places.
Your butterfly disappears in a puff of smoke! x2
You hear the crackle of electricity.
a - a +0 whip of electrocution (weapon)
Wield which item (- for none, * to show all)? (? for menu, Esc to quit)
Your +0 whip of electrocution stops crackling.
It bursts into flame!
q - a +0 dire flail of flaming (weapon)
You hit the freezing wraith. You burn the freezing wraith.
Your squeeze misses the freezing wraith.
You sock the freezing wraith!! You burn the freezing wraith!
The freezing wraith misses you.
The freezing wraith hits you but does no damage.
You hit the freezing wraith but do no damage.
Your squeeze misses the freezing wraith.
The freezing wraith hits you. The freezing wraith freezes you!
The freezing wraith hits you! The freezing wraith drains your vigour!
You feel yourself slow down.
You take 31 damage, and have 36/67 hp.
MASSIVE DAMAGE!!
You barely miss the freezing wraith.
You squeeze the freezing wraith, but do no damage.
The freezing wraith hits you! The freezing wraith freezes you!
* * * LOW HITPOINT WARNING * * *
The freezing wraith barely misses you.
You take 21 damage, and have 15/67 hp.
MASSIVE DAMAGE!!
You hit the freezing wraith but do no damage.
The freezing wraith barely misses you.
The freezing wraith completely misses you.
Unknown command.
Drink which item? (? for menu, Esc to quit)
Okay, then.
You feel much better.
Evoking this partially-identified wand wasted a few charges.
The freezing wraith hits you! The freezing wraith freezes you!
* * * LOW HITPOINT WARNING * * *
The freezing wraith hits you.
* * * LOW HITPOINT WARNING * * *
The freezing wraith drains your vigour!
You feel as though you will be slow longer.
* * * LOW HITPOINT WARNING * * *
The freezing wraith hits you!
You die...

###### ###....##
#..W....#
#...###..##
#...###..##
#...###..## #W..#
#.W.# .W# #.@##
##### # #...###
###...###
##....###........#
##...............#
####.............
##............
##..........#
##.#....#.##
####..##


You could see a freezing wraith.

Vanquished Creatures
  Pikel (D:5)
  A hill giant (D:8)
  An ugly thing (D:8)
  5 blink frogs (Lair:1)
  5 yaks
  A spriggan (D:8)
  Eustachio (D:4)
  A deep elf fighter (D:9)
  3 wolves (Lair:1)
  2 hippogriffs
  A vampire mosquito (D:8)
  2 orc warriors
  3 water moccasins
  13 ice beasts
  A sky beast (D:8)
  4 porcupines (Lair:1)
  2 black bears
  5 phantoms
  2 slaves (D:5)
  An ogre (D:9)
  2 big kobolds
  3 centaurs
  3 crocodiles
  6 giant frogs
  A wyvern zombie (D:9)
  2 scorpions (D:8)
  A swamp dragon simulacrum (IceCv)
  13 killer bees
  An elephant simulacrum (IceCv)
  5 crimson imps
  A centaur zombie (D:5)
  2 goliath beetles
  5 hounds
  A quasit (D:8)
  A gnoll shaman (D:8)
  3 giant frog zombies
  A jelly (D:8)
  6 orc wizards
  10 worker ants
  5 iguanas
  A polar bear simulacrum (IceCv)
  A wolf simulacrum (IceCv)
  A hound zombie (D:6)
  3 gnolls (D:8)
  15 adders
  17 river rats
  A shadow imp (D:6)
  3 giant mites
  5 white imps (IceCv)
  A worm (D:3)
  An adder skeleton (D:8)
  An adder zombie (D:5)
  5 giant geckos
  4 oozes
  25 orcs
  7 ball pythons
  A bat skeleton (D:4)
  4 giant cockroaches
  10 hobgoblins
  30 kobolds
  20 bats
  10 giant newts
  A giant spore (D:7)
  18 goblins
  2 jackals (D:7)
  9 quokkas
  A quokka skeleton (D:8)
  48 rats
  A ballistomycete (D:7)
373 creatures vanquished.

Vanquished Creatures (others)
  A fungus (D:9)
  A plant (D:9)
2 creatures vanquished.

Grand Total: 375 creatures vanquished

Notes
Turn   | Place    | Note
--------------------------------------------------------------
     0 | D:1      | RobertPalmer, the Octopode Monk, began the quest for the Orb.
     0 | D:1      | Reached XP level 1. HP: 16/16 MP: 1/1
   143 | D:1      | Reached XP level 2. HP: 15/21 MP: 2/2
   470 | D:1      | Reached skill level 4 in Dodging
   481 | D:1      | Reached XP level 3. HP: 19/26 MP: 3/3
   958 | D:2      | Noticed Sigmund
  1252 | D:2      | Reached XP level 4. HP: 29/31 MP: 4/4
  1319 | D:2      | Reached skill level 5 in Dodging
  1906 | D:3      | Found an iron altar of Okawaru.
  1914 | D:3      | Reached XP level 5. HP: 20/36 MP: 5/5
  2364 | D:3      | Reached skill level 6 in Dodging
  2424 | D:3      | Found a sacrificial altar of Ru.
  2502 | D:4      | Noticed Eustachio
  2518 | D:3      | Reached XP level 6. HP: 21/42 MP: 6/6
  2792 | D:4      | Noticed Edmund
  2801 | D:4      | Found a shimmering altar of Xom.
  2905 | D:4      | Reached skill level 7 in Dodging
  3233 | D:4      | Reached XP level 7. HP: 46/46 MP: 7/7
  3417 | D:4      | Reached skill level 8 in Dodging
  3452 | D:4      | Killed Eustachio
  3947 | D:5      | Entered Level 5 of the Dungeon
  4000 | D:5      | Found a bloodstained altar of Trog.
  4165 | D:5      | Noticed Pikel
  4248 | D:5      | Reached skill level 9 in Dodging
  4314 | D:5      | Found a glowing drain.
  4323 | Sewer    | Entered a sewer
  4492 | Sewer    | Reached XP level 8. HP: 52/52 MP: 8/8
  4965 | D:5      | Found an opulent altar of Gozag.
  5107 | D:5      | Found a staircase to the Ecumenical Temple.
  5207 | D:5      | Killed Pikel
  5207 | D:5      | Reached skill level 10 in Dodging
  5333 | Temple   | Entered the Ecumenical Temple
  5416 | Temple   | Became a worshipper of Makhleb the Destroyer
  5416 | Temple   | Acquired Makhleb's first power
  5416 | Temple   | Acquired Makhleb's second power
  5666 | D:6      | Found a shadowy altar of Dithmenos.
  5673 | D:6      | Reached skill level 1 in Maces & Flails
  5746 | D:6      | Reached skill level 2 in Maces & Flails
  5826 | D:6      | Found a glowing golden altar of the Shining One.
  5877 | D:6      | Reached skill level 3 in Maces & Flails
  5877 | D:6      | Reached XP level 9. HP: 56/56 MP: 9/9
  5969 | D:6      | Noticed RobertPalmer's ghost (experienced OpIE)
  6129 | D:7      | Reached skill level 4 in Maces & Flails
  6457 | D:7      | Reached skill level 5 in Maces & Flails
  6629 | D:7      | Reached skill level 6 in Maces & Flails
  6661 | D:8      | Acquired Makhleb's third power
  6722 | D:8      | Found a large runed door.
  6722 | D:8      | Found a large runed door.
  6741 | D:8      | Found a large runed door.
  6741 | D:8      | Found a large runed door.
  6769 | D:8      | HP: 14/56 [hippogriff (6)]
  6770 | D:8      | Reached skill level 7 in Maces & Flails
  6904 | D:8      | Reached skill level 8 in Maces & Flails
  7162 | D:8      | Noticed a cyan ugly thing
  7181 | D:8      | Killed a cyan ugly thing
  7181 | D:8      | Reached skill level 9 in Maces & Flails
  7181 | D:8      | Reached XP level 10. HP: 63/63 MP: 10/10
  7225 | D:8      | Got a shimmering brass amulet
  7274 | D:8      | Noticed a hill giant
  7284 | D:8      | Killed a hill giant
  7284 | D:8      | Reached skill level 10 in Maces & Flails
  7477 | D:8      | Identified the amulet of Xom's Flight of Fancy {Clar Str+6 Stlth+} (You took it off a kobold on level 8 of the Dungeon)
  7545 | D:8      | Acquired Makhleb's fourth power
  7601 | D:8      | Learned a level 5 spell: Fireball
  8037 | D:9      | Reached skill level 1 in Invocations
  8169 | D:9      | Found a shattered altar of Ashenzari.
  8169 | D:9      | Found a basalt altar of Yredelemnul.
  8246 | D:9      | Reached skill level 2 in Invocations
  8254 | D:9      | Reached skill level 3 in Invocations
  8324 | D:9      | Noticed a hill giant
  8471 | D:9      | Reached skill level 4 in Invocations
  8582 | D:9      | Reached skill level 5 in Invocations
  9018 | D:9      | Acquired Makhleb's fifth power
  9044 | D:9      | Reached skill level 6 in Invocations
  9241 | D:10     | Entered Level 10 of the Dungeon
  9312 | D:9      | Found a staircase to the Lair.
  9329 | Lair:1   | Entered Level 1 of the Lair of Beasts
  9334 | Lair:1   | Reached skill level 7 in Invocations
  9351 | Lair:1   | Reached XP level 11. HP: 67/67 MP: 22/22
  9514 | Lair:1   | Reached skill level 8 in Invocations
  9795 | Lair:1   | Noticed an oklob plant
  9857 | Lair:1   | Reached skill level 9 in Invocations
 10027 | Lair:1   | Reached skill level 10 in Invocations
 10394 | Lair:2   | Found a frozen archway.
 10482 | IceCv    | Entered an ice cave
 10529 | IceCv    | Reached skill level 11 in Invocations
 10705 | IceCv    | HP: 15/67 [freezing wraith (12)]
 10707 | IceCv    | Slain by a freezing wraith

Action                   |  1- 3 |  4- 6 |  7- 9 | 10-12 || total
-------------------------+-------+-------+-------+-------++-------
Melee: Unarmed           |    65 |   152 |   148 |       ||   365
       Whip              |       |       |   156 |   317 ||   473
       Dire flail        |       |       |       |    40 ||    40
 Fire: Blowgun           |       |       |    25 |    16 ||    41
Throw: Stone             |       |       |    14 |   130 ||   144
Evoke: Wand              |       |       |       |     1 ||     1
  Use: Scroll            |     2 |     4 |     5 |    10 ||    21
       Potion            |       |     1 |     5 |     2 ||     8
 Stab: Sleeping          |     9 |    15 |    17 |     7 ||    48
       Distracted        |       |       |       |     2 ||     2
  Eat: Chunk             |     1 |     6 |     8 |     9 ||    24
       Bread ration      |       |       |     1 |       ||     1
       Beef jerky        |       |       |       |     1 ||     1

Vault maps used:
D:1:      sevenhm_arrival_forest_fort_large_3, hangedman_feature_mirror
D:2:      uniq_sigmund
D:3:      nicolae_ru_the_path_less_chosen, lemuel_crystal_altar
D:4:      first_bread, kennysheep_path_1, led_xom_imps, uniq_edmund,
          uniq_eustachio
D:5:      lightli_temple_of_fire, nicolae_gozag_seed_capital,
          minmay_temple_entry_glassed_door, gup_sewer_entry_bubbles, uniq_pikel
D:6:      lemuel_coloured_pillars_altar, grunt_temple_overflow_open
D:8:      the_bakery, minmay_hollow_rounded_squares
D:9:      grunt_temple_overflow_magic_moments, gammafunk_temple_overflow_wave,
          grunt_lair_entry_elf_guard_hut, special_room
Temple:   temple_of_Zot_ovaries
Lair:1:   grunt_forest_large_clearings
Lair:2:   portal_ice_cave_entry_ice_beasts, grunt_megastairs_1,
          infiniplex_staircase_pool_2, uniq_gastronok
Sewer:    sewer_minmay_treatment
IceCv:    ice_cave_small_necro

Table legend:
 A = Turns spent in this place as a percentage of turns spent in the entire game.
 B = Non-inter-level travel turns spent in this place as a percentage of non-inter-level travel turns spent in the entire game.
 C = Inter-level travel turns spent in this place as a percentage of turns spent in this place.
 D = Turns resting spent in this place as a percentage of non-inter-level travel turns spent in this place.
 E = Turns spent auto-exploring this place as a percentage of non-inter-level travel turns spent in this place.
 F = Non-inter-level travel turns spent in this place divided by the number of levels of this place that you've seen.
                   A       B       C       D       E      F
               +-------+-------+-------+-------+-------+----------------------
         Total | 100.0 | 100.0 |   0.2 |   1.3 |   3.6 | 372.2
       Dungeon |  78.3 |  78.3 |   0.2 |   1.5 |   4.1 | 437.2
        Temple |   1.4 |   1.3 |   1.3 |   0.0 |   0.0 |  75.0
          Lair |  11.0 |  11.0 |   0.3 |   0.0 |   2.8 | 306.5
         Sewer |   6.4 |   6.4 |   0.0 |   0.0 |   0.6 | 358.0
      Ice Cave |   2.9 |   3.0 |   0.0 |   3.6 |   0.0 | 165.0
               +-------+-------+-------+-------+-------+----------------------

Table legend:
 A = Kills in this place as a percentage of kills in entire the game.
 B = Kills by you in this place as a percentage of kills by you in the entire game.
 C = Kills by friends in this place as a percentage of kills by friends in the entire game.
 D = Other kills in this place as a percentage of other kills in the entire game.
 E = Experience gained in this place as a percentage of experience gained in the entire game.
 F = Experience gained in this place divided by the number of levels of this place that you have seen.
                   A       B       C       D       E      F
               +-------+-------+-------+-------+-------+----------------------
         Total | 100.0 | 100.0 |  -nan |  -nan | 100.0 | 1011.5
       Dungeon |  71.9 |  71.9 |  -nan |  -nan |  57.9 | 878.0
          Lair |  11.4 |  11.4 |  -nan |  -nan |  34.5 | 2616.5
         Sewer |  13.0 |  13.0 |  -nan |  -nan |   1.7 | 252.0
      Ice Cave |   3.8 |   3.8 |  -nan |  -nan |   6.0 | 908.0
               +-------+-------+-------+-------+-------+----------------------
